 Dungeon Crawl Stone Soup version 0.20-a0-251-g16a58bf (webtiles) character file.

91 Demogavin the Poker (level 4, -4/35 HPs)
             Began as a Human Chaos Knight on Nov 30, 2016.
             Killed by divine providence
             ... invoked by an orc priest
              (10 damage)
             ... on level 5 of the Dungeon.
             The game lasted 00:06:37 (892 turns).

Demogavin the Poker (Human Chaos Knight)             Turns: 892, Time: 00:06:37

Health: -4/35      AC:  6    Str: 10 (13) XL:     4   Next: 88%
Magic:  4/4        EV: 10    Int: 11 (13) God:    Xom [....*.]
Gold:   51         SH:  0    Dex:  9 (12) Spells: 3/3 levels left

rFire  . . .     SeeInvis .     a - +0 spear (chaos)
rCold  . . .     Gourm    .     f - +1 ring mail (curse)
rNeg   . . .     Faith    .     (no shield)
rPois  .         Spirit   .     (no helmet)
rElec  .         Reflect  .     (no cloak)
rCorr  .         Harm     .     (no gloves)
MR     .....                    (no boots)
Stlth  +.........               (no amulet)
                                (no ring)
                                (no ring)

@: no status effects
A: no striking features
a: Renounce Religion


You were on level 5 of the Dungeon.
You worshipped Xom.
You were a beloved toy of Xom.
You were full.

You visited 1 branch of the dungeon, and saw 5 of its levels.

You collected 51 gold pieces.

Inventory:

Hand Weapons
 a - a +0 spear of chaos (weapon)
 e - a +0 dagger
 g - a cursed -1 hunting sling
 k - a +0 rapier
Missiles
 d - 14 stones (quivered)
 i - 6 tomahawks
Armour
 b - a +2 leather armour
 f - a cursed +1 ring mail (worn)
 h - a +0 scale mail
 l - a +0 cloak


   Skills:
 + Level 3.5 Fighting
 + Level 3.8 Polearms
 + Level 2.6 Armour
 + Level 2.0 Dodging
 + Level 1.2 Stealth


You had 3 spell levels left.
You didn't know any spells.

Dungeon Overview and Level Annotations

Branches:
Dungeon (5/15)
 Temple: D:4-7

Altars:
Uskayaw


Message History

There is a stone staircase leading down here.
There is a stone staircase leading down here.
You climb downwards.
An orc and an orc priest come into view.
The orc priest shouts!
You hear a shout! x2; You hear a loud, deep croak!
You hear a shout!
Found 18 gold pieces.
There is a stone staircase leading up here.
The orc throws a tomahawk.
The tomahawk barely misses you. 2 orcs come into view.
The orc throws a tomahawk.
The tomahawk hits you but does no damage.
A bullfrog comes into view.
You see here a tomahawk.
A jelly comes into view.
The bullfrog croaks.
The orc priest invokes the aid of Beogh against you.
Beogh smites you!
You die...
Xom titters!

..o#.##..#.# .o.
.....#
##.##.##o...#
#..o..o...(.#
.......##F...####
##....##........#
##.#.###....####
# .........##
##........@#
######...J..#
#....### #..###
....# ####.# #.


You could see a bullfrog, a jelly, an orc priest and an orc.

Vanquished Creatures
  Jessica (D:2)
  An adder (D:3)
  An ooze (D:1)
  A dart slug (D:1)
  A leopard gecko (D:1)
  An orc (D:3)
  5 bats (D:1)
  2 giant cockroaches
  3 goblins
  3 hobgoblins
  5 jackals
  A quokka (D:3)
  2 frilled lizards (D:2)
  3 kobolds
  2 rats
32 creatures vanquished.

Vanquished Creatures (collateral kills)
  A jelly (shapeshifter) (D:3)
1 creature vanquished.

Grand Total: 33 creatures vanquished

Notes
Turn   | Place    | Note
-------+----------+-------------------------------------------
     0 | D:1      | Demogavin the Human Chaos Knight began the quest for the Orb.
     0 | D:1      | Reached XP level 1. HP: 18/18 MP: 1/1
    41 | D:1      | XOM: potion effect (invisibility)
    71 | D:1      | XOM: divination: magic mapping
    73 | D:1      | Reached XP level 2. HP: 24/24 MP: 2/2
   274 | D:1      | XOM: potion effect (might)
   303 | D:1      | XOM: harmless Tloc miscast
   326 | D:1      | XOM: blink monster(s)
   401 | D:2      | Reached XP level 3. HP: 23/29 MP: 3/3
   514 | D:2      | Noticed Jessica
   542 | D:2      | Killed Jessica
   542 | D:2      | Reached skill level 1 in Stealth
   542 | D:2      | Reached XP level 4. HP: 18/35 MP: 4/4
   577 | D:2      | Found a hide-covered altar of Uskayaw.
   668 | D:3      | XOM: divination: magic mapping
   672 | D:3      | XOM: polymorph jackal -> kobold
   745 | D:3      | XOM: summons 4 friendly demons
   798 | D:3      | XOM: confusion (+ monsters)
   860 | D:4      | XOM: god gift: 12 gold pieces
   866 | D:4      | XOM: butterfly on damage
   874 | D:4      | XOM: summons friendly crimson imp
   886 | D:5      | Entered Level 5 of the Dungeon
   889 | D:5      | Noticed a bullfrog
   892 | D:5      | Killed from afar by an orc priest

Vault maps used:
D:1:      eino_arrival_tree_alley
D:2:      nicolae_overflow_crystal_walls, first_bread, uniq_crazy_yiuf_cottage,
          uniq_jessica
D:3:      nicolae_qazlal_eye_of_the_storm, uniq_natasha
D:4:      eino_small_chamber_without_monster, nemelex_spade_bored_becter,
          uniq_menkaure, uniq_duvessa, uniq_sigmund
D:5:      minmay_diamond_boxcup, vehumet_crystals, uniq_prince_ribbit1,
          uniq_edmund, uniq_eustachio

Skill      XL: |  1  2  3  4 |
---------------+-------------+-----
Stealth        | 1 |  1.2
Dodging        | 2 |  2.0
Fighting       | |  3.5
Polearms       | |  3.8
Armour         | |  2.6

Action                   |  1- 3 |  4- 6 || total
-------------------------+-------+-------++-------
Melee: Spear             |    76 |    68 ||   144
  Use: Scroll            |     2 |       ||     2
       Potion            |     1 |     3 ||     4
 Stab: Invisible         |     1 |       ||     1
       Petrifying        |     1 |       ||     1
  Eat: Bread ration      |       |     1 ||     1
Armor: Leather armour    |    22 |       ||    22
       Ring mail         |    55 |    47 ||   102
Dodge: Dodged            |    94 |    67 ||   161
